 Dungeon Sprint DCSS version 0.26-a0-1026-g544776af23 (webtiles) character file.

Game seed: 12489748471787963215

0 sahdkjhfkaj the Poker (level 3, -1/30 HPs)
             Began as a Merfolk Gladiator on Dec 9, 2020.
             Was an Initiate of Gozag.
             Slain by an iron imp (5 damage)
             ... in the Dungeon (Sprint VI: "Thunderdome").
             The game lasted 00:00:10 (70 turns).

sahdkjhfkaj the Poker (Merfolk Gladiator)             Turns: 70, Time: 00:00:11

Health: -1/30      AC:  4    Str: 15    XL:     3   Next: 29%
Magic:  3/3        EV: 15    Int:  7    God:    Gozag
Gold:   200        SH:  0    Dex: 15    Spells: 2/2 levels left

rFire    . . .     SeeInvis .   a - +0 trident
rCold    . . .     Faith    .   (no shield)
rNeg     . . .     Spirit   .   b - +0 leather armour
rPois    .         Reflect  .   c - +0 helmet
rElec    .         Harm     .   (no cloak)
rCorr    .         Rampage  .   (no gloves)
Will     .....     NoTele   +   (no boots)
Stlth    +.........             (no amulet)
HPRegen  0.10/turn              (no ring)
MPRegen  0.08/turn              (no ring)

@: no status effects
A: change form in water, swift swim, stealthy swim
a: Potion Petition, Call Merchant, Bribe Branch, Renounce Religion


You were in the Dungeon.
You worshipped Gozag.
Gozag was aware of your devotion.
You visited 1 branch You collected 200 gold pieces.

Inventory:

Hand Weapons
 a - a +0 trident (weapon)
Missiles
 d - 3 throwing nets (quivered)
Armour
 b - a +0 leather armour (worn)
 c - a +0 helmet (worn)
Wands
 k - a wand of acid (5)
 l - a wand of iceblast (5)
Scrolls
 j - 4 scrolls of blinking
 m - 3 scrolls of fog
Potions
 e - a potion of curing
 f - 4 potions of heal wounds
 g - 4 potions of haste
 h - 2 potions of magic
 i - a potion of berserk rage
 n - a potion of resistance


   Skills:
 + Level 4.0 Fighting
 * Level 7.7 Polearms
 - Level 2.0 Throwing
 + Level 5.7 Dodging


You had 2 spell levels left.
You didn't know any spells.
Your spell library was empty.

Dungeon Overview and Level Annotations

Branches:
Dungeon (1/1)

Altars:
Dithmenos
Gozag
Kikubaaqudgha
Vehumet
The Shining One
Beogh
Lugonu

Shops:
D **[(


Message History

The iron imp is heavily wounded.
The iron imp completely misses you. The iron imp barely misses you.
You barely miss the iron imp.
The iron imp is heavily wounded.
The iron imp hits you but does no damage.
Unknown command.
You hit the iron imp.
The iron imp is heavily wounded.
The iron imp hits you!
* * * LOW HITPOINT WARNING * * *
The iron imp closely misses you.
You hit the iron imp.
The iron imp is severely wounded.
The iron imp barely misses you.
Unknown command.
You closely miss the iron imp.
The iron imp is severely wounded.
The iron imp closely misses you. The iron imp hits you.
You die...
Your body crumbles into a pile of gold.

..###.. .... #...#
....... #.<.#
....... .#
#...###.......
.....###..........
...8. #.8........
......###......__
#.8.........8.###
#⌠.........@5⌠#
###........5###
#........_#
#_....$.._#
#_......._#
#∩.......∩#
##∩.....∩##
##.....## ##⌠⌠⌠##


You could see 2 iron imps.

Vanquished Creatures
  A crimson imp (D)
1 creature vanquished.

Notes
Turn   | Place    | Note
-------+----------+-------------------------------------------
     0 | D        | sahdkjhfkaj the Merfolk Gladiator began the quest for the
                  | Orb.
     0 | D        | Reached XP level 1. HP: 16/16 MP: 1/1
     1 | D        | Found a roughly hewn altar of Beogh.
     1 | D        | Found an opulent altar of Gozag.
     2 | D        | Found a shadowy altar of Dithmenos.
     2 | D        | Found an ancient bone altar of Kikubaaqudgha.
     3 | D        | Found a corrupted altar of Lugonu.
     3 | D        | Found a glowing golden altar of the Shining One.
     4 | D        | Found a radiant altar of Vehumet.
     4 | D        | Found Hephinnuam's Weapon Rack.
     4 | D        | Found Buonorav's Premium Goods.
     5 | D        | Found Qyxog's Basic Armour.
     5 | D        | Found Qerhiynano's Miscellaneous Merchandise.
     5 | D        | Round 1.
     7 | D        | Noticed a crimson imp
     9 | D        | Became a worshipper of Gozag Ym Sagoz the Greedy
    34 | D        | Killed a crimson imp
    35 | D        | Reached skill level 7 in Polearms
    35 | D        | Reached skill level 5 in Dodging
    35 | D        | Reached XP level 2. HP: 13/25 MP: 2/2
    35 | D        | Reached XP level 3. HP: 16/30 MP: 3/3
    70 | D        | Slain by an iron imp

Illustrated notes

Levels and vault maps discovered:
D:        arena_sprint

Skill      XL: |  1 |
---------------+----+-----
Fighting       | 4 |  4.0
Polearms       | 7 |  7.7
Dodging        | 5 |  5.7
Throwing       | |  2.0

Action                   || total
-------------------------++-------
Melee: Trident           ||    37
Armor: Leather armour    ||     8
Dodge: Dodged            ||    21

Table legend: (Time is in decaauts)
 A = Elapsed time spent in this place.
 B = Non-inter-level travel time spent in this place.
 C = Inter-level travel time spent in this place.
 D = Time resting spent in this place.
 E = Time spent auto-exploring this place.
 F = Levels seen in this place.
 G = Mean time per level.
                   A        B        C        D        E       F      G
               +--------+--------+--------+--------+--------+-----+--------+
         Total |     71 |     71 |      0 |     18 |      0 |   1 |   71.0 |
       Dungeon |     71 |     71 |      0 |     18 |      0 |   1 |   71.0 |
               +--------+--------+--------+--------+--------+-----+--------+

Top non-repeatable levels by time:
       D: 71 daAuts
